Map: Tours du crépuscule

Players

Bully

  • Race: Terran Terran
  • League: Silver

pupu - Winner!

  • Race: Protoss Protoss
  • League: Silver

VOD

Have the link to the VOD?

Description

Time

  • Played on: April 4, 2016, 11:35 a.m.
  • Length: 16:40
Show
View Real Time Build Order
Export as new Build Order

Bully Terran 

Build Orders:  

Get SALT Encoding   

  12  0:01  SCV  
  13  0:14  SCV  
  14  0:22  Supply Depot  
  14  0:27  SCV  
  15  0:44  SCV  
  15  0:45  Barracks  
  16  0:56  SCV  
  17  1:08  SCV  
  18  1:13  Refinery  
  18  1:17  Refinery  
  18  1:20  SCV  
  19  1:32  SCV  
  20  1:43  Command Center  
  20  1:46  Supply Depot  
  20  1:49  Marine  
  20  1:52  SCV  
  22  2:05  SCV  
  23  2:10  Marine  
  23  2:13  Bunker  
  24  2:17  SCV  
  25  2:29  SCV  
  26  2:30  Factory  
  26  2:43  Engineering Bay  
  26  2:47  SCV  
  27  2:59  SCV  
  28  3:06  Marine  
  28  3:11  SCV  
  30  3:12  Bunker  
  30  3:16  SCV  
  31  3:24  Marine, Factory Tech Lab  
  32  3:27  Missile Turret  
  32  3:28  SCV  
  33  3:40  SCV, Orbital Command  
  34  3:42  Supply Depot  
  34  3:49  Missile Turret  
  34  3:52  Missile Turret  
  34  3:53  SCV  
  35  4:05  Supply Depot, SCV  
  35  4:08  Siege Tank  
  39  4:10  Starport  
  40  4:17  SCV  
  40  4:29  SCV  
  40  4:31  Marine, Missile Turret  
  42  4:38  Supply Depot  
  42  4:41  SCV  
  42  4:44  Missile Turret  
  43  4:48  Marine  
  44  4:53  SCV  
  44  4:55  Starport Tech Lab  
  45  5:00  Supply Depot  
  45  5:05  SCV  
  45  5:06  Missile Turret  
  46  5:13  Starport  
  46  5:17  SCV  
  47  5:24  Command Center  
  47  5:29  SCV  
  48  5:36  Missile Turret  
  48  5:41  Cloaking Field, SCV  
  49  5:43  Banshee  
  52  5:53  SCV  
  53  5:57  Missile Turret, Armory  
  53  5:58  Starport Reactor  
  53  6:09  Refinery  
  54  6:12  Planetary Fortress  
  53  6:19  Refinery  
  53  6:26  Banshee  
  53  6:31  Command Center  
  56  6:36  Viking x2  
  60  6:44  Planetary Fortress  
  60  6:48  Missile Turret  
  60  6:57  SCV  
  61  7:05  Terran Ship Weapons Level 1  
  61  7:09  SCV  
  61  7:11  Building Armor  
  62  7:15  Command Center  
  62  7:19  Viking  
  62  7:20  Viking  
  62  7:22  SCV  
  67  7:33  Command Center  
  67  7:34  SCV  
  68  7:46  SCV  
  68  7:49  Viking  
  68  7:50  Viking  
  73  8:06  Command Center  
  73  8:19  Viking  
  75  8:20  Viking, Planetary Fortress  
  75  8:24  Missile Turret  
  77  8:30  Missile Turret  
  77  8:37  Planetary Fortress  
  77  8:40  Siege Tank  
  80  8:45  Missile Turret  
  74  9:24  SCV  
  74  9:31  SCV, Command Center  
  76  9:36  SCV  
  76  9:37  Planetary Fortress  
  77  9:43  SCV  
  78  9:45  Refinery  
  78  9:48  Refinery, SCV  
  79  9:55  SCV  
  79  9:59  Terran Ship Weapons Level 2  
  80  10:00  SCV  
  80  10:01  Viking x2  
  85  10:07  SCV  
  85  10:09  Command Center  
  85  10:13  Hi-Sec Auto Tracking, SCV  
  87  10:14  Missile Turret  
  87  10:19  SCV  
  88  10:25  SCV  
  88  10:27  Command Center  
  89  10:31  Viking x2, SCV  
  94  10:37  SCV  
  95  10:43  SCV  
  95  10:49  SCV  
  97  10:55  SCV  
  98  11:01  Viking x2, SCV  
  103  11:07  Fusion Core  
  103  11:13  SCV  
  104  11:22  Planetary Fortress  
  104  11:25  SCV  
  105  11:26  Missile Turret  
  105  11:31  Viking x2  
  109  11:35  Planetary Fortress  
  109  11:37  SCV  
  109  11:39  Missile Turret  
  110  11:47  Missile Turret  
  110  11:50  Starport  
  110  11:58  Command Center  
  110  12:00  Viking  
  110  12:01  Viking, Missile Turret  
  114  12:06  Refinery  
  114  12:09  Refinery  
  114  12:10  SCV  
  115  12:18  Refinery  
  115  12:22  SCV  
  110  12:34  SCV  
  108  12:42  Siege Tank  
  111  12:46  SCV  
  88  12:58  SCV  
  66  13:32  Engineering Bay, SCV  
  66  13:35  Starport Tech Lab  
  64  13:43  SCV  
  64  13:44  SCV  
  64  13:47  Command Center  
  66  13:50  Command Center  
  66  13:53  Starport  
  66  13:55  SCV  
  67  13:57  SCV  
  67  14:01  Supply Depot  
  68  14:03  Supply Depot, Engineering Bay  
  68  14:07  SCV  
  58  14:19  SCV  
  58  14:21  SCV  
  56  14:33  SCV  
  56  14:35  Missile Turret  
  56  14:38  Starport  
  57  14:41  Starport  
  57  14:45  SCV  
  57  14:47  Planetary Fortress  
  57  14:50  Starport Tech Lab  
  58  14:58  SCV  
  58  15:04  Missile Turret  
  58  15:06  Barracks  
  58  15:07  Planetary Fortress  
  58  15:08  Planetary Fortress  
  58  15:12  Banshee  
  61  15:18  Missile Turret  
  61  15:26  Starport Tech Lab x2, Missile Turret  
  61  15:30  Missile Turret  
  61  15:34  SCV  
  62  15:37  Planetary Fortress  
  61  15:46  SCV  
  61  15:48  SCV  
  63  15:51  SCV  
  63  15:55  Banshee, SCV  
  68  15:59  SCV  
  68  16:00  Refinery, SCV  
  68  16:03  SCV  
  68  16:04  Refinery  
  71  16:07  SCV  
  71  16:11  SCV  
  73  16:12  SCV  
  73  16:15  SCV  
  73  16:18  Barracks Reactor  
  75  16:23  SCV  
Show
View Real Time Build Order
Export as new Build Order

pupu Protoss - Winner!

Build Orders: Nexus First 

Get SALT Encoding   

  12  0:01  Probe (Chrono Boost)  
  13  0:11  Probe (Chrono Boost)  
  14  0:20  Pylon  
  14  0:22  Probe (Chrono Boost)  
  15  0:38  Probe (Chrono Boost)  
  16  0:49  Probe (Chrono Boost)  
  17  0:59  Nexus  
  17  1:10  Gateway  
  17  1:13  Probe (Chrono Boost)  
  17  1:18  Assimilator  
  18  1:24  Probe (Chrono Boost)  
  19  1:27  Assimilator  
  19  1:34  Probe (Chrono Boost)  
  19  1:37  Pylon  
  20  1:45  Probe (Chrono Boost)  
  21  1:55  Probe (Chrono Boost)  
  21  1:59  Cybernetics Core  
  22  2:06  Probe (Chrono Boost)  
  23  2:11  Probe (Chrono Boost)  
  24  2:16  Probe (Chrono Boost)  
  24  2:19  Gateway  
  24  2:22  Pylon  
  25  2:25  Probe (Chrono Boost)  
  25  2:28  Probe (Chrono Boost)  
  27  2:39  Warp Gate (Chrono Boost)  
  27  2:40  Robotics Facility  
  27  2:44  Probe x2 (Chrono Boost)  
  29  2:51  Sentry  
  29  2:56  Probe x2  
  33  3:06  Forge  
  33  3:09  Probe, Sentry  
  33  3:10  Probe  
  37  3:17  Assimilator  
  37  3:20  Probe  
  37  3:22  Probe  
  37  3:26  Stalker  
  41  3:29  Observer (Chrono Boost)  
  41  3:32  Probe  
  43  3:38  Stalker  
  46  3:41  Probe  
  46  3:44  Probe, Protoss Ground Weapons Level 1 (Chrono Boost)  
  47  3:58  Gateway  
  47  4:02  Pylon  
  47  4:06  Gateway  
  47  4:09  Twilight Council  
  47  4:12  Pylon  
  47  4:14  Probe x2  
  49  4:19  Assimilator  
  49  4:25  Immortal (Chrono Boost)  
  49  4:27  Probe x2  
  55  4:32  Pylon  
  55  4:41  Photon Cannon  
  55  4:44  Probe x2  
  57  4:47  Pylon x2  
  57  4:54  Pylon  
  57  4:56  Probe, Charge, Pylon  
  57  4:57  Probe  
  57  4:59  Pylon  
  59  5:24  Probe x2  
  59  5:27  Zealot x4  
  69  5:34  Immortal  
  73  5:41  Probe x2, Protoss Ground Armor Level 1 (Chrono Boost)  
  75  5:53  Probe x2  
  75  5:56  Nexus  
  77  6:05  Probe, Pylon  
  77  6:06  Probe  
  77  6:07  Pylon  
  77  6:10  Pylon  
  79  6:18  Mothership Core  
  81  6:22  Probe, Blink  
  82  6:29  Zealot  
  82  6:30  Zealot x3  
  90  6:35  Probe  
  90  6:36  Immortal  
  95  6:45  Gateway  
  95  6:48  Gateway  
  95  6:57  Gateway x2  
  95  6:59  Probe x2  
  97  7:05  Pylon  
  97  7:07  Pylon  
  97  7:11  Probe x2, Pylon  
  97  7:15  Probe  
  100  7:21  Probe  
  100  7:28  Stalker x2  
  100  7:29  Stalker x2  
  109  7:32  Probe x3  
  112  7:40  Immortal  
  116  7:44  Protoss Ground Weapons Level 2 (Chrono Boost)  
  116  7:50  Forge  
  116  7:53  Pylon  
  116  7:55  Probe, Pylon  
  117  7:59  Pylon, Assimilator  
  117  8:02  Assimilator  
  117  8:03  Pylon  
  117  8:04  Zealot  
  117  8:05  Zealot x2, Pylon  
  123  8:08  Sentry x3  
  123  8:09  Sentry  
  123  8:10  Sentry  
  126  8:41  Observer (Chrono Boost)  
  122  8:52  Probe, Photon Cannon x2  
  122  8:53  Probe x2, Photon Cannon  
  122  8:54  Photon Cannon  
  121  8:57  Photon Cannon  
  121  8:58  Stalker x6  
  121  8:59  Stalker x2  
  126  9:32  Gateway  
  126  9:33  Protoss Ground Armor Level 2 (Chrono Boost), Gateway  
  126  9:36  Resonating Glaives  
  126  9:38  Gateway  
  126  9:41  Gateway  
  126  9:43  Gateway  
  126  9:45  Gateway  
  126  9:46  Pylon  
  126  9:51  Pylon  
  126  9:54  Immortal (Chrono Boost)  
  126  9:55  Pylon  
  126  9:57  Pylon  
  126  9:58  Photon Cannon, Protoss Ground Weapons Level 3  
  130  10:02  Sentry  
  130  10:03  Photon Cannon, Sentry x4  
  140  10:07  Photon Cannon  
  140  10:18  Zealot x3  
  146  10:37  Immortal (Chrono Boost)  
  150  10:55  Zealot x2  
  150  10:56  Zealot x8  
  150  10:57  Zealot x4  
  178  11:06  Pylon  
  178  11:10  Pylon  
  178  11:15  Dark Shrine  
  178  11:17  Templar Archives  
  178  11:19  Pylon  
  178  11:20  Pylon  
  178  11:24  Photon Cannon  
  178  11:27  Photon Cannon  
  178  11:32  Photon Cannon  
  178  11:35  Photon Cannon  
  178  11:43  Pylon  
  178  11:46  Nexus  
  178  11:52  Pylon  
  178  11:56  Gateway, Pylon  
  178  12:00  Immortal (Chrono Boost)  
  118  13:12  Zealot x7  
  128  13:13  Zealot x7  
  144  13:31  Stargate  
  144  13:36  Stargate  
  144  13:38  Stargate  
  144  13:39  Photon Cannon  
  144  13:41  Pylon  
  144  13:44  Pylon  
  144  13:47  Photon Cannon  
  144  13:50  Photon Cannon  
  144  13:51  Probe x3  
  144  13:53  Photon Cannon  
  144  13:55  Photon Cannon, Psionic Storm  
  147  13:58  Photon Cannon  
  147  13:59  Assimilator  
  147  14:02  Zealot x4  
  155  14:04  Assimilator  
  149  14:20  Stalker x4  
  157  14:24  Stalker  
  159  14:32  Phoenix  
  161  15:06  Stalker x6  
  173  15:19  Phoenix x2  
  177  15:54  Zealot x3  
  177  15:55  Zealot x5  
Tags
 
Add a new tag
Caveats
  • Supply blocks, unpowered buildings, or Contaminate may cause inaccurate times.
  • Supply counts are checked every 10 seconds.